 Dungeon Crawl Stone Soup version 0.29.0-4-gdea44cf6ec (webtiles) character file.

Game seed: 6708962550576873299

71 qw the Chopper (level 4, -3/26 HPs)
             Began as a Tengu Warper on Aug 28, 2022.
             Slain by Terence
             ... wielding a +2 mace of protection
              (10 damage)
             ... on level 2 of the Dungeon.
             The game lasted 00:00:09 (2155 turns).

qw the Chopper (Tengu Warper)                       Turns: 2155, Time: 00:00:10

Health: -3/26      AC:  3    Str: 14    XL:     4   Next: 24%
Magic:  8/8        EV: 12    Int: 13    God:
Gold:   82         SH:  0    Dex: 13    Spells: 7/7 levels left

rFire   . . .      SeeInvis .   Y - +0 hand axe
rCold   . . .      Faith    .   (no shield)
rNeg    . . .      Spirit   .   b - +0 leather armour
rPois   .          Reflect  .   (helmet restricted)
rElec   .          Harm     .   (no cloak)
rCorr   .          Rampage  .   (no gloves)
Will    .....                   (boots unavailable)
Stlth   +.........              (no amulet)
HPRegen 0.08/turn               (no ring)
MPRegen 0.11/turn               (no ring)

@: no status effects
A: beak, talons 3
a: no special abilities


You were on level 2 of the Dungeon.
You visited 1 branch of the dungeon, and saw 2 of its levels.

You collected 82 gold pieces.


Innate Abilities, Weirdness & Mutations

You have a beak for a mouth.
You have claws for feet.


   Skills:
 - Level 2.0 Fighting
 + Level 4.8 Axes
 - Level 1.0 Throwing
 - Level 1.1 Armour
 - Level 2.1 Dodging
 - Level 2.0 Spellcasting
 - Level 2.4 Translocations


You had 7 spell levels left.
You didn't know any spells.
Your spell library contained the following spells:

 Spells                   Type           Power      Damage    Failure   Level
 Blink                    Tloc           14%        N/A       19%         2
 Gell's Gravitas          Tloc           7%         N/A       34%         3
 Lesser Beckoning         Tloc           7%         N/A       34%         3
 Teleport Other           Tloc           7%         N/A       34%         3
 Manifold Assault         Tloc           7%         N/A       97%         5

Inventory:

Hand Weapons
 i - a +0 whip
 Y - a +0 hand axe (weapon)
Armour
 b - a +0 leather armour (worn)
Scrolls
 a - a scroll of amnesia {unknown}
 c - a scroll of enchant weapon {unknown}
 h - a scroll of identify
Potions
 d - a potion of heal wounds {unknown}
 e - a potion of magic {unknown}
 f - a potion of berserk rage {unknown}
 g - a potion of degeneration {unknown}
 j - 3 potions of curing {unknown}

Dungeon Overview and Level Annotations

Branches:
Dungeon (2/15)

Altars:

Annotations:
D:2 Terence


Message History

Found a stone staircase leading down.
As you open the door, it creaks loudly!
There is an open door here.
As you open the door, it creaks loudly!
A bat comes into view.
You hear a shout!
You hit the bat.
You kill the bat!
A hobgoblin comes into view.
You barely miss the hobgoblin. The hobgoblin closely misses you.
You hit the hobgoblin.
You kill the hobgoblin!
You open the door.
Terence the Incautious comes into view.
He is wielding a +2 mace of protection.
Terence shouts!
You hit Terence but do no damage. You claw Terence, but do no damage.
Terence closely misses you.
You hit Terence but do no damage. You claw Terence, but do no damage.
You peck Terence, but do no damage.
Terence hits you with a +2 mace of protection.
You hit Terence. You peck Terence, but do no damage.
Terence is lightly wounded.
Terence hits you with a +2 mace of protection.
You hit Terence but do no damage. You claw Terence, but do no damage.
Terence is lightly wounded.
Terence barely misses you.
You hit Terence. You claw Terence.
Terence is heavily wounded.
Terence closely misses you.
You hit Terence but do no damage. Your kick misses Terence.
Terence is heavily wounded.
Terence hits you with a +2 mace of protection.
You hit Terence. You claw Terence, but do no damage.
Terence is severely wounded.
Terence hits you with a +2 mace of protection.
You hit Terence. Your kick misses Terence. Your peck misses Terence.
Terence is severely wounded.
Terence hits you with a +2 mace of protection!
You die...

....#.#..##.##.#
##.##.......#
.#...#.#..#### #..#
#.....# ##.#...#%##.#
##..##(##.##...
##....###..##.#.##
...####.........###....#
......@@..>.....'.......
...####.%.......###..#.#
##.......## .##
##>....## ##...## ##'##
#.# #.# #.#


You could see Terence.

Vanquished Creatures
  2 adders (D:2)
  A dart slug (D:2)
  2 endoplasms
  3 giant cockroaches
  3 goblins
  7 hobgoblins
  6 jackals
  8 kobolds
  4 ball pythons (D:1)
  7 bats
  A frilled lizard (D:2)
  4 rats
48 creatures vanquished.

Notes
Turn   | Place    | Note
-------+----------+-------------------------------------------
     0 | D:1      | qw the Tengu Warper began the quest for the Orb.
     0 | D:1      | Reached XP level 1. HP: 12/12 MP: 4/4
     0 | D:1      | 0 ||| qw: Version: 0.1-a-89-g26bdef1
     0 | D:1      | 0 ||| qw: Game counter: 3402
     0 | D:1      | 0 ||| qw: Always use a shield: true
     0 | D:1      | 0 ||| qw: God list: Okawaru
     0 | D:1      | 0 ||| qw: Allow faded altars: false
     0 | D:1      | 0 ||| qw: Do Orc after D:15 true
     0 | D:1      | 0 ||| qw: Do second Lair branch before Depths: true
     0 | D:1      | 0 ||| qw: Lair rune preference: random
     0 | D:1      | 0 ||| qw: Plans: Normal
     0 | D:1      | 0 ||| PLANNING D:1-11
   115 | D:1      | Reached XP level 2. HP: 17/17 MP: 6/6
   145 | D:1      | Reached skill level 3 in Axes
   263 | D:1      | 263 ||| Stepping ~*~*~tactically~*~*~ (stealth).
   274 | D:1      | 274 ||| Stepping ~*~*~tactically~*~*~ (stealth).
   276 | D:1      | 276 ||| Stepping ~*~*~tactically~*~*~ (stealth).
   304 | D:1      | 304 ||| Stepping ~*~*~tactically~*~*~ (stealth).
   307 | D:1      | 307 ||| Stepping ~*~*~tactically~*~*~ (stealth).
   319 | D:1      | 319 ||| Stepping ~*~*~tactically~*~*~ (stealth).
   463 | D:1      | Reached XP level 3. HP: 10/21 MP: 7/7
   963 | D:1      | 963 ||| READING scroll labelled TUKUFI LIHIENEE.
   964 | D:1      | 964 ||| READING scroll labelled RYULIJI ASHRE.
   965 | D:1      | 965 ||| READING scroll labelled DUNINWY NUYVUB.
   966 | D:1      | 966 ||| READING scroll labelled YDEDEL IQEA.
   967 | D:1      | 967 ||| DROPPING scroll of blinking.
   987 | D:2      | Reached skill level 4 in Axes
  1017 | D:2      | 1017 ||| Stepping ~*~*~tactically~*~*~ (stealth).
  2074 | D:2      | Reached XP level 4. HP: 26/26 MP: 8/8
  2147 | D:2      | Noticed Terence
  2155 | D:2      | Slain by Terence

Levels and vault maps discovered:
D:1:      spicycebolla_green_bress_n_ham_2, layout_basic
D:2:      layout_loops_corners, hellmonk_ecumenical_altar_leap_of_faith,
          minmay_ruptured, uniq_terence

Skill      XL: |  1  2  3 |
---------------+----------+-----
Axes           | 3 4 |  4.8
Fighting       | |  2.0
Throwing       | |  1.0
Armour         | |  1.1
Dodging        | |  2.1
Spellcasting   | |  2.0
Translocations | |  2.4

Action                   |  1- 3 |  4- 6 || total
-------------------------+-------+-------++-------
Melee: Hand axe          |   108 |    21 ||   129
       Kick              |    24 |     7 ||    31
       Peck              |    13 |     3 ||    16
       Punch             |     2 |     1 ||     3
Throw: Boomerang         |     7 |       ||     7
  Use: Scroll            |     4 |       ||     4
Armor: Leather armour    |    23 |     2 ||    25
Dodge: Dodged            |    61 |    11 ||    72

Table legend:
 A = Non-vault XP
 B = Vault XP
 C = Vault XP percentage of total XP
 D = Non-vault monster count
 E = Vault monster count
 F = Vault count percentage of total count
                 A         B        C        D         E       F
            +---------+---------+-------+---------+---------+-------
      Total |      85 |      17 |  16.7 |      44 |       4 |   8.3
            +---------+---------+-------+---------+---------+-------
        D:1 |      44 |       0 |   0.0 |      28 |       0 |   0.0
        D:2 |      41 |      17 |  29.3 |      16 |       4 |  20.0
            +---------+---------+-------+---------+---------+-------
